 Dungeon Crawl Stone Soup version 0.29-a0-284-gf9362112df (webtiles) character file.

Game seed: 2860377614390646656

961 Redreghan the Chopper (level 7, -5/58 HPs)
             Began as a Demigod Fighter on Mar 22, 2022.
             Slain by Ijyb
             ... wielding a +0 club
              (6 damage)
             ... on level 5 of the Dungeon.
             The game lasted 00:41:50 (3485 turns).

Redreghan the Chopper (Demigod Fighter)             Turns: 3485, Time: 00:41:55

Health: -5/58      AC:  9    Str: 21    XL:     7   Next: 60%
Magic:  13/13      EV: 10    Int: 10    God:
Gold:   208        SH:  5    Dex: 17    Spells: 10/10 levels left

rFire   + . .      SeeInvis .   a - +0 war axe {a potion of might}
rCold   x . .      Faith    .   c - +0 buckler
rNeg    . . .      Spirit   .   b - +1 scale mail
rPois   +          Reflect  .   (no helmet)
rElec   .          Harm     .   (no cloak)
rCorr   .          Rampage  .   (no gloves)
Will    .....                   A - +0 pair of boots
Stlth   ..........              h - amulet of the acrobat
HPRegen 0.19/turn               e - ring of fire
MPRegen 0.13/turn               g - ring of poison resistance

@: no status effects
A: high MP 1, forlorn, divine attributes
a: no special abilities


You were on level 5 of the Dungeon.
You visited 1 branch of the dungeon, and saw 5 of its levels.

You collected 208 gold pieces.

Inventory:

Hand Weapons
 a - a +0 war axe (weapon) {a potion of might}
 i - a +0 short sword
 k - a +0 dagger
 l - a +0 rapier
 m - a +0 club
 n - a +0 trident
 p - a +0 dagger
 q - a +0 whip
 s - a +0 whip
 t - a +0 falchion
 E - a +0 dagger of pain
 G - a +0 mace
Missiles
 f - 122 stones (quivered)
Armour
 b - a +1 scale mail (worn)
 c - a +0 buckler (worn)
 j - a +0 scale mail
 o - a +0 leather armour
 r - a +0 leather armour
 A - a +0 pair of boots (worn)
 B - a +0 ring mail
 C - a +0 robe
 F - a +2 robe
 H - a +0 cloak
 I - +0 steam dragon scales
Magical Staves
 y - a staff of cold
Jewellery
 e - a ring of fire (left hand)
 g - a ring of poison resistance (right hand)
 h - an amulet of the acrobat (around neck)
Scrolls
 v - a scroll of identify
 w - a scroll of magic mapping
 z - a scroll of silence {unknown}
 J - 2 scrolls of blinking {unknown}
Potions
 d - a potion of might {war axe}
 u - 3 potions of attraction
 D - a potion of curing {unknown}
 K - a potion of cancellation {unknown}


   Skills:
 + Level 3.7 Fighting
 + Level 5.2 Axes
 + Level 0.8 Throwing
 + Level 4.5 Armour
 + Level 2.2 Dodging
 + Level 0.6 Stealth
 + Level 3.6 Shields
 * Level 2.2 Spellcasting


You had 10 spell levels left.
You didn't know any spells.
Your spell library was empty.

Dungeon Overview and Level Annotations

Branches:
Dungeon (5/15)
 Temple: D:4-7

Shops:
D:3 =

Annotations:
D:5 Ijyb


Innate Abilities, Weirdness & Mutations

You have an increased reservoir of magic. (+10% MP)
You shall have no god before yourself.
Your divine heritage dramatically boosts your attributes as you level up.


Message History

Ijyb is heavily wounded.
Ijyb zaps a wand.
The puff of flame hits you but does no damage.
Cleave: a) +0 war axe {a potion of might}
Press: ? - help, Dir - move target, f/p - Ijyb
Aim: Ijyb, wielding a +0 club, wearing a +0 scale mail and carrying a wand of flame (15) (heavily wounded, about 43% to evade your +0 war axe)
You hit Ijyb.
Ijyb is severely wounded.
Ijyb zaps a wand.
You block the puff of flame. Ijyb hits you but does no damage.
You closely miss Ijyb.
Ijyb is severely wounded.
You block Ijyb's attack.
Cleave: a) +0 war axe {a potion of might}
Press: ? - help, Dir - move target, f/p - Ijyb
Aim: Ijyb, wielding a +0 club, wearing a +0 scale mail and carrying a wand of flame (14) (severely wounded, about 43% to evade your +0 war axe)
You closely miss Ijyb.
Ijyb is severely wounded.
Ijyb hits you with a +0 club.
* * * LOW HITPOINT WARNING * * *
Cleave: a) +0 war axe {a potion of might}
Press: ? - help, Dir - move target, f/p - Ijyb
Aim: Ijyb, wielding a +0 club, wearing a +0 scale mail and carrying a wand of flame (14) (severely wounded, about 43% to evade your +0 war axe)
You hit Ijyb.
Ijyb is almost dead.
Ijyb hits you but does no damage.
Cleave: a) +0 war axe {a potion of might}
Press: ? - help, Dir - move target, f/p - Ijyb
Aim: Ijyb, wielding a +0 club, wearing a +0 scale mail and carrying a wand of flame (14) (almost dead, about 43% to evade your +0 war axe)
You closely miss Ijyb.
Ijyb is almost dead.
Ijyb zaps a wand.
The puff of flame misses you. Ijyb hits you with a +0 club.
* * * LOW HITPOINT WARNING * * *
Cleave: a) +0 war axe {a potion of might}
Press: ? - help, Dir - move target, f/p - Ijyb
Aim: Ijyb, wielding a +0 club, wearing a +0 scale mail and carrying a wand of flame (13) (almost dead, about 43% to evade your +0 war axe)
You hit Ijyb but do no damage.
Ijyb is almost dead.
Ijyb hits you with a +0 club.
You die...

#.# .. .. #.#
##.# ..# #.#
#..# ..
#.###.########
#.
#.g.Og.ho.....
#.##
#.############
#..###.##
#.#....#
#@g....#
##'....#
#......#
#.#......#
#.#..)#+##
#.#...#.#
#.#.....#
#.####..#
###.####..#


You could see Ijyb.

Vanquished Creatures
  A steam dragon (D:5)
  A black bear (D:5)
  An ogre (D:5)
  A phantom (D:4)
  2 scorpions (D:4)
  A jelly (D:4)
  4 hounds
  An orc priest (D:4)
  Jessica (D:3)
  4 iguanas
  4 adders
  A worm (D:3)
  5 dart slugs
  7 orcs
  2 bats
  7 endoplasms
  A giant cockroach (D:2)
  4 goblins
  7 hobgoblins
  16 jackals
  5 quokkas
  5 ball pythons
  A frilled lizard (D:1)
  6 kobolds
  4 rats
92 creatures vanquished.

Notes
Turn   | Place    | Note
-------+----------+-------------------------------------------
     0 | D:1      | Redreghan the Demigod Fighter began the quest for the Orb.
     0 | D:1      | Reached XP level 1. HP: 18/18 MP: 3/3
   184 | D:1      | Reached XP level 2. HP: 14/25 MP: 4/4
   187 | D:1      | Reached skill level 2 in Axes
   758 | D:2      | Reached XP level 3. HP: 22/30 MP: 5/5
   795 | D:2      | You fall into a shaft and drop 1 floor!
   939 | D:4      | Reached skill level 3 in Axes
   939 | D:4      | Reached XP level 4. HP: 28/38 MP: 6/6
  1046 | D:4      | Noticed a phantom
  1058 | D:4      | Killed a phantom
  1059 | D:4      | Reached XP level 5. HP: 24/45 MP: 7/7
  1421 | D:4      | Reached skill level 1 in Dodging
  1818 | D:4      | Reached XP level 6. HP: 43/51 MP: 8/8
  2074 | D:4      | Reached skill level 4 in Axes
  2397 | D:2      | Reached skill level 1 in Spellcasting
  2783 | D:3      | Noticed Jessica
  2788 | D:3      | Killed Jessica
  2828 | D:3      | Found Gikaf's Jewellery Shoppe.
  3274 | D:5      | Entered Level 5 of the Dungeon
  3295 | D:5      | Noticed a steam dragon
  3300 | D:5      | Reached XP level 7. HP: 39/57 MP: 11/11
  3307 | D:5      | Killed a steam dragon
  3401 | D:5      | Noticed Ijyb
  3472 | D:5      | Reached skill level 5 in Axes
  3482 | D:5      | HP: 2/58 [Ijyb/+0 club (2)]
  3485 | D:5      | Slain by Ijyb

Illustrated notes

Levels and vault maps discovered:
D:1:      minmay_arrival_split_and_join, layout_loops_cross,
          hellmonk_ecumenical_altar_arch_garden
D:2:      layout_rooms, minmay_puff, uniq_robin, uniq_natasha
D:3:      layout_basic, mainiacjoe_overflow_chevrons, serial_shops,
          nicolae_shop_behind_doors, uniq_jessica
D:4:      layout_gridville
D:5:      layout_basic, minmay_temple_entry_junction, st_stairs_8,
          uniq_blork_the_orc, uniq_ijyb, uniq_grinder

Skill      XL: |  1  2  3  4  5  6  7 |
---------------+----------------------+-----
Axes           | 2 3 4 5 |  5.2
Armour         | 3 4 |  4.5
Fighting       | 3 |  3.7
Shields        | 3 |  3.6
Dodging        | 1 2 |  2.2
Spellcasting   | 1 2 |  2.2
Throwing       | |  0.8
Stealth        | |  0.6

Action                   |  1- 3 |  4- 6 |  7- 9 || total
-------------------------+-------+-------+-------++-------
Melee: War axe           |   124 |   157 |    35 ||   316
Throw: Stone             |    13 |    12 |       ||    25
  Use: Scroll            |       |     1 |     3 ||     4
Armor: Scale mail        |    72 |    64 |    15 ||   151
Dodge: Dodged            |    88 |    93 |    23 ||   204
Block: Buckler           |    31 |    42 |    12 ||    85

Table legend: (Time is in decaauts)
 A = Elapsed time spent in this place.
 B = Non-inter-level travel time spent in this place.
 C = Inter-level travel time spent in this place.
 D = Time resting spent in this place.
 E = Time spent auto-exploring this place.
 F = Levels seen in this place.
 G = Mean time per level.
                   A        B        C        D        E       F      G
               +--------+--------+--------+--------+--------+-----+--------+
         Total |   3608 |   1570 |   2038 |    537 |      0 |   5 |  721.6 |
       Dungeon |   3608 |   1570 |   2038 |    537 |      0 |   5 |  721.6 |
               +--------+--------+--------+--------+--------+-----+--------+

Top non-repeatable levels by time:
     D:4: 1420 daAuts
     D:1: 766 daAuts
     D:3: 744 daAuts
     D:2: 455 daAuts
     D:5: 221 daAuts
